Map: Beckett Industries LE

Players

Creator - Winner!

  • Race: Protoss Protoss
  • League: Master

Solar

  • Race: Zerg Zerg
  • League: Master

VOD

Have the link to the VOD?

Description

Creator slaps up that noob zerg Solar with a sick Adept build.

Time

  • Played on: May 11, 2021, 7:01 a.m.
  • Length: 9:06
Show
View Real Time Build Order
Export as new Build Order

Creator Protoss - Winner!

Build Orders: 1 Gate Expand, Mass Adepts 

Get SALT Encoding   

  12  0:00  Probe  
  13  0:14  Pylon  
  13  0:17  Probe (Chrono Boost)  
  14  0:26  Probe (Chrono Boost)  
  15  0:31  Probe (Chrono Boost)  
  16  0:40  Gateway  
  16  0:43  Probe  
  16  0:48  Assimilator  
  17  0:55  Probe  
  18  1:07  Probe  
  19  1:19  Probe  
  20  1:26  Nexus  
  20  1:34  Cybernetics Core  
  20  1:38  Probe  
  21  1:44  Assimilator  
  21  1:50  Probe  
  21  1:53  Pylon  
  22  2:02  Probe  
  23  2:09  Adept (Chrono Boost)  
  23  2:15  Probe  
  26  2:24  Warp Gate  
  26  2:27  Probe  
  27  2:31  Stalker  
  27  2:33  Twilight Council  
  29  2:39  Probe (Chrono Boost)  
  29  2:40  Probe (Chrono Boost)  
  31  2:49  Probe x2 (Chrono Boost)  
  33  2:53  Probe (Chrono Boost)  
  33  2:54  Probe (Chrono Boost)  
  33  2:58  Robotics Facility  
  35  3:05  Probe  
  36  3:06  Probe  
  37  3:13  Adept, Gateway  
  37  3:17  Probe  
  37  3:18  Probe  
  37  3:19  Resonating Glaives (Chrono Boost)  
  41  3:29  Probe  
  41  3:30  Probe  
  43  3:35  Gateway  
  43  3:37  Gateway  
  43  3:41  Pylon  
  43  3:42  Probe  
  43  3:46  Warp Prism (Chrono Boost)  
  46  3:56  Gateway  
  46  4:00  Gateway  
  46  4:02  Probe x2  
  48  4:07  Pylon  
  48  4:14  Adept x2  
  48  4:15  Observer  
  53  4:31  Pylon  
  53  4:33  Assimilator  
  53  4:34  Pylon  
  53  4:36  Adept x4  
  53  4:38  Probe  
  62  4:46  Pylon  
  63  4:59  Adept x6  
  74  5:02  Pylon  
  72  5:25  Adept x6  
  76  5:32  Immortal  
  74  5:45  Adept x4  
  74  6:07  Adept x6  
  86  6:15  Immortal (Chrono Boost)  
  86  6:17  Pylon  
  86  6:30  Probe x2  
  88  6:43  Immortal (Chrono Boost)  
  88  6:44  Nexus, Sentry  
  90  6:48  Sentry  
  90  6:50  Pylon  
  90  6:52  Probe x2  
  98  6:57  Pylon  
  94  7:12  Probe x2  
  94  7:14  Blink (Chrono Boost)  
  90  7:21  Assimilator  
  90  7:22  Immortal (Chrono Boost)  
  88  7:24  Probe x2  
  94  7:31  Stalker  
  94  7:32  Stalker x2  
  100  7:37  Probe x2  
  100  7:43  Shield Battery  
  102  7:49  Probe x2  
  104  8:01  Probe x2  
  104  8:04  Probe  
  104  8:05  Stalker x4  
  109  8:08  Sentry  
  109  8:10  Stalker  
  119  8:13  Probe x2  
  119  8:16  Probe  
  122  8:20  Shield Battery  
  122  8:23  Pylon  
  122  8:24  Shield Battery  
  122  8:26  Shield Battery  
  122  8:27  Pylon  
  122  8:29  Sentry  
  122  8:30  Stalker  
  126  8:46  Adept x3  
Show
View Real Time Build Order
Export as new Build Order

Solar Zerg 

Build Orders: Hatch First 

Get SALT Encoding   

  12  0:00  Drone  
  13  0:11  Overlord  
  13  0:17  Drone  
  14  0:30  Drone  
  14  0:31  Drone  
  16  0:49  Hatchery  
  15  0:51  Drone  
  15  0:54  Drone  
  17  0:58  Drone  
  18  1:08  Extractor  
  17  1:14  Spawning Pool  
  17  1:17  Drone  
  17  1:20  Drone  
  18  1:28  Drone  
  19  1:39  Drone  
  20  1:48  Overlord  
  20  2:00  Queen  
  22  2:02  Zergling x4, Queen  
  26  2:12  Metabolic Boost  
  26  2:14  Drone x2  
  28  2:22  Drone  
  29  2:23  Drone  
  30  2:39  Hatchery  
  30  2:40  Zergling x2  
  30  2:47  Queen  
  32  2:51  Overlord  
  32  2:54  Drone  
  32  2:56  Drone  
  32  2:58  Drone  
  35  3:00  Drone  
  36  3:10  Drone  
  37  3:13  Drone x3  
  37  3:14  Drone  
  37  3:17  Queen  
  43  3:21  Overlord  
  43  3:25  Drone  
  44  3:28  Spore Crawler  
  44  3:30  Zergling x2  
  44  3:34  Overlord  
  44  3:41  Drone x5  
  47  3:48  Queen  
  49  3:51  Queen  
  49  3:53  Drone  
  49  3:54  Zergling x2  
  55  3:56  Zergling x2  
  56  4:04  Overlord, Drone x2  
  56  4:06  Drone x2  
  60  4:13  Drone, Roach Warren  
  60  4:15  Zergling x4  
  61  4:17  Zergling x2  
  61  4:18  Zergling x2  
  63  4:25  Spine Crawler  
  63  4:26  Zergling x6  
  63  4:30  Zergling x2  
  63  4:31  Zergling x4  
  68  4:34  Overlord  
  68  4:35  Overlord  
  68  4:37  Zergling x2  
  69  4:41  Overlord  
  69  4:43  Zergling x4  
  69  4:44  Zergling x2  
  72  4:47  Overlord  
  72  4:49  Overlord  
  72  4:56  Roach x2  
  72  4:58  Roach  
  72  4:59  Roach x2  
  82  5:01  Roach  
  82  5:03  Roach  
  88  5:14  Roach  
  88  5:19  Zergling x18  
  72  5:32  Roach x2  
  72  5:34  Zergling x8  
  79  5:41  Drone x2  
  75  5:48  Drone  
  74  5:52  Drone  
  74  5:53  Drone  
  74  5:54  Drone  
  77  6:02  Zergling x8  
  81  6:07  Drone x2  
  83  6:16  Roach x2  
  87  6:23  Zergling x8  
  86  6:27  Overlord  
  86  6:29  Zergling x8  
  90  6:35  Drone  
  90  6:36  Drone  
  96  6:40  Roach x2  
  96  6:43  Spore Crawler, Drone  
  96  6:44  Drone  
  96  6:46  Drone  
  97  6:47  Drone  
  97  6:49  Drone  
  97  6:52  Extractor  
  97  6:53  Extractor, Drone  
  99  6:56  Zergling x2, Spore Crawler  
  99  6:57  Zergling x2  
  100  7:05  Drone x2  
  100  7:06  Drone  
  101  7:14  Drone  
  94  7:18  Overlord  
  94  7:20  Zergling x8  
  96  7:22  Roach  
  96  7:31  Roach x2  
  96  7:33  Drone x2  
  101  7:37  Zergling x4  
  101  7:40  Roach  
  104  7:45  Ravager x2  
  104  7:47  Zergling x6  
  109  7:54  Zergling x8  
  113  7:59  Ravager  
  113  8:01  Overlord  
  113  8:03  Zergling x8  
  117  8:09  Zergling x8  
  118  8:15  Ravager  
  118  8:16  Ravager  
  118  8:18  Zergling x8  
  122  8:21  Ravager  
  122  8:24  Zergling x8  
  122  8:26  Zergling x2  
  128  8:27  Zergling x2  
  128  8:29  Ravager  
  128  8:30  Zergling x2  
  128  8:31  Zergling x2  
  132  8:35  Overlord  
  132  8:38  Zergling x2  
  132  8:39  Zergling x2  
  132  8:41  Zergling x2  
  132  8:42  Ravager  
  132  8:44  Roach  
  132  8:45  Roach  
  132  8:47  Zergling x4  
  102  8:59  Ravager  
Tags
 
Add a new tag
Caveats
  • Supply blocks, unpowered buildings, or Contaminate may cause inaccurate times.
  • Supply counts are checked every 10 seconds.